 Dungeon Crawl Stone Soup version 0.26-a0-1058-g8dc6ce00ff (webtiles) character file.

Game seed: 11519766219230351265

1376 Riddle the Covered (level 8, -11/67 HPs)
             Began as a Barachi Fighter on Dec 13, 2020.
             Was a Follower of Cheibriados.
             Mangled by a wight
             ... wielding a +5 great sword
              (13 damage)
             ... on level 6 of the Dungeon.
             The game lasted 00:04:21 (4391 turns).

Riddle the Covered (Barachi Fighter)                Turns: 4391, Time: 00:04:21

Health: -11/67     AC:  9    Str: 22    XL:     8   Next: 66%
Magic:  8/8        EV: 12    Int: 10    God:    Cheibriados [*.....]
Gold:   264        SH:  9    Dex: 14    Spells: 7/7 levels left

rFire    . . .     SeeInvis .   a - +0 long sword
rCold    + . .     Faith    .   c - +0 kite shield
rNeg     . . .     Spirit   .   s - +2 ring mail {rC+}
rPois    +         Reflect  .   i - +0 helmet
rElec    .         Harm     .   (no cloak)
rCorr    .         Rampage  .   l - +0 pair of gloves
Will     .....                  (no boots)
Stlth    +.........             (no amulet)
HPRegen  0.21/turn              r - +4 ring of evasion
MPRegen  0.11/turn              n - ring of poison resistance

@: very heavily drained, very slow
A: +LOS, swims, slowness 1, strong legs 1
a: Hop, Bend Time, Renounce Religion


You were on level 6 of the Dungeon.
You worshipped Cheibriados.
Cheibriados was aware of your devotion.
You visited 1 branch of the dungeon, and saw 6 of its levels.

You collected 264 gold pieces.

Inventory:

Hand Weapons
 a - a +0 long sword (weapon)
Armour
 b - a +0 scale mail
 c - a +0 kite shield (worn)
 i - a +0 helmet (worn)
 l - a +0 pair of gloves (worn)
 s - a +2 ring mail of cold resistance (worn)
Jewellery
 k - an uncursed ring of attention
 n - a ring of poison resistance (right hand)
 r - a +4 ring of evasion (left hand)
Wands
 w - a wand of polymorph (4)
Scrolls
 e - a scroll of fog
 f - 9 scrolls of identify
 h - 2 scrolls of magic mapping
 m - 3 scrolls of random uselessness {unknown}
 o - a scroll of amnesia {unknown}
 q - 2 scrolls of teleportation {unknown}
 v - a scroll of immolation {unknown}
 y - a scroll of enchant weapon {unknown}
 A - a scroll of enchant armour {unknown}
Potions
 d - 3 potions of might
 j - 2 potions of resistance {unknown}
 p - a potion of curing {unknown}
 t - 3 potions of flight {unknown}
 u - a potion of lignification {unknown}
 x - 2 potions of mutation {unknown}
 z - a potion of degeneration {unknown}


   Skills:
 + Level 7.1(2.7) Fighting
 + Level 6.6(2.2) Long Blades
 + Level 7.2(2.8) Armour
 + Level 6.5(2.2) Shields


You had 7 spell levels left.
You didn't know any spells.
Your spell library was empty.

Dungeon Overview and Level Annotations

Branches:
Dungeon (6/15)             Temple (0/1) D:4

Altars:
Cheibriados
Okawaru
Trog

Annotations:
D:1 1 runed translucent door
D:5 Edmund


Innate Abilities, Weirdness & Mutations

You can be seen from farther away. (+LOS)
You can swim through water.
You cover ground slowly.
You can hop short distances.


Message History

The wight is lightly damaged.
The wight hits you with a +5 great sword!
* * * LOW HITPOINT WARNING * * *
You feel drained.
* * * LOW HITPOINT WARNING * * *
You barely miss the wight.
The wight is lightly damaged.
The wight barely misses you.
You riposte.
You hit the wight.
The wight is lightly damaged.
You hit the wight.
The wight is heavily damaged.
The wight hits you with a +5 great sword!
* * * LOW HITPOINT WARNING * * *
You completely miss the wight.
The wight is heavily damaged.
You block the wight's attack. x2
You hit the wight.
The wight is severely damaged.
The wight hits you with a +5 great sword!
You die...

*,,,,*,*,*,*******,****,*,
**,,,*,*,*,*≈≈≈≈≈*,,,,,,,,
**,,*,*,*,*≈≈∩≈≈+,,,,,,,,
*,,*,*,,,*≈≈≈≈≈*,,,,,,,,
*****,,,,*,,,*******,*******
*,,..,,*,**,,,,,,,,,,**,,,,,
*,,....*,,,,,,,,,,,,,**,#***
*,,......###########***.#*** ****
***#......z@((((.(.#,,..,,,, ,,,*
###..>#########.##.#.###* ,,,*
#.*,*#................, ,,,*
*,*,*#.###..#.###.....,
,,,********,*,*#...#..#.# *,,...,
,,,,,,,,,,,,*,*......,#.# *,,,,.,
,,,*******,,*,*,*.....#§# *,,,,,,
,,,,,,,,,,,,*,*,#..#..#§####.#***
,,,,,,,,,,,,*,*,#....§§§.§§§.#


You could see a wight.

Vanquished Creatures
  Prince Ribbit (D:5)
  Sigmund (D:3)
  Menkaure (D:5)
  An ice beast (D:5)
  An ogre (D:4)
  A centaur (D:5)
  Blork the orc (D:5)
  A scorpion (D:3)
  2 wights (D:6)
  A centaur zombie (D:5)
  A jelly (D:5)
  2 orc priests
  2 hounds (D:4)
  2 orc wizards (D:4)
  A bullfrog skeleton (D:5)
  A bullfrog zombie (D:5)
  Terence (D:3)
  2 iguanas (D:4)
  4 adders
  An ooze (D:4)
  An adder skeleton (D:4)
  5 worms
  A dart slug (D:1)
  3 leopard geckos
  7 orcs
  5 giant cockroaches
  4 hobgoblins
  3 jackals (D:2)
  A quokka (D:3)
  2 ball pythons (D:3)
  11 bats
  6 frilled lizards
  5 goblins
  7 kobolds
  10 rats
99 creatures vanquished.

Notes
Turn   | Place    | Note
-------+----------+-------------------------------------------
     0 | D:1      | Riddle the Barachi Fighter began the quest for the Orb.
     0 | D:1      | Reached XP level 1. HP: 18/18 MP: 1/1
     1 | D:1      | Found a runed translucent door.
    75 | D:1      | Reached XP level 2. HP: 23/25 MP: 2/2
   403 | D:1      | Reached XP level 3. HP: 25/30 MP: 3/3
   840 | D:2      | Reached XP level 4. HP: 32/37 MP: 4/4
  1267 | D:2      | Found an iron altar of Okawaru.
  1486 | D:3      | Noticed Sigmund
  1502 | D:3      | Killed Sigmund
  1503 | D:3      | Reached skill level 5 in Fighting
  1503 | D:3      | Reached skill level 5 in Armour
  1503 | D:3      | Reached XP level 5. HP: 12/44 MP: 5/5
  1503 | D:3      | Reached XP level 6. HP: 14/51 MP: 6/6
  1936 | D:3      | Noticed Terence
  1973 | D:3      | Killed Terence
  2223 | D:3      | Found a bloodstained altar of Trog.
  2629 | D:4      | Reached skill level 5 in Shields
  2637 | D:4      | Reached XP level 7. HP: 41/56 MP: 7/7
  2641 | D:4      | Reached skill level 5 in Long Blades
  2797 | D:4      | Found a snail-covered altar of Cheibriados.
  2831 | D:4      | Became a worshipper of Cheibriados the Contemplative
  3105 | D:4      | Found a staircase to the Ecumenical Temple.
  3202 | D:5      | Entered Level 5 of the Dungeon
  3211 | D:5      | Noticed Menkaure
  3222 | D:5      | Killed Menkaure
  3508 | D:5      | Noticed Blork the orc
  3511 | D:5      | Reached XP level 8. HP: 55/65 MP: 8/8
  3522 | D:5      | Killed Blork the orc
  3824 | D:5      | Noticed Prince Ribbit
  3858 | D:5      | Killed Prince Ribbit
  4100 | D:5      | Noticed Edmund
  4384 | D:6      | Reached * piety under Cheibriados
  4389 | D:6      | HP: 1/67 [wight/+5 great sword (8)]
  4391 | D:6      | Mangled by a wight

Illustrated notes

Levels and vault maps discovered:
D:1:      dpeg_arrival_caged_fury, layout_rooms, roderic_malta_cross,
          grunt_decor_one_mirror, dk_noncrumbling_3,
          wander_ebering_terrifying_dragon_lair
D:2:      layout_rooms, okawaru_gym_becter
D:3:      layout_basic, lemuel_tele_altar, uniq_sigmund, uniq_terence
D:4:      minmay_evil_eye, layout_cave_pools, lemuel_crystal_altar,
          minmay_temple_entry_statues_pillars
D:5:      layout_loops_cross, uniq_menkaure, uniq_prince_ribbit1,
          uniq_blork_the_orc, uniq_edmund
D:6:      layout_basic, gup_sewer_entry_glass

Skill      XL: |  1  2  3  4  5  6  7  8 |
---------------+-------------------------+-----
Armour         | 4 5 6 7 |  7.2
Fighting       | 4 5 6 7 |  7.1
Long Blades    | 3 4 5 6 |  6.6
Shields        | 4 5 6 |  6.5

Action                   |  1- 3 |  4- 6 |  7- 9 || total
-------------------------+-------+-------+-------++-------
Melee: Long sword        |   112 |   110 |   178 ||   400
       Unarmed           |       |    13 |       ||    13
 Abil: Hop               |       |       |     1 ||     1
  Use: Scroll            |     2 |       |     3 ||     5
Armor: Scale mail        |    79 |    14 |       ||    93
       Ring mail         |       |    19 |    49 ||    68
       Skin              |       |     1 |       ||     1
Dodge: Dodged            |    61 |    72 |    72 ||   205
Block: Kite shield       |    78 |    55 |    78 ||   211
       Rpst.: Long sword |    13 |    23 |    27 ||    63

Table legend: (Time is in decaauts)
 A = Elapsed time spent in this place.
 B = Non-inter-level travel time spent in this place.
 C = Inter-level travel time spent in this place.
 D = Time resting spent in this place.
 E = Time spent auto-exploring this place.
 F = Levels seen in this place.
 G = Mean time per level.
                   A        B        C        D        E       F      G
               +--------+--------+--------+--------+--------+-----+--------+
         Total |   5062 |   5005 |     57 |    985 |   3005 |   6 |  843.7 |
       Dungeon |   5062 |   5005 |     57 |    985 |   3005 |   6 |  843.7 |
               +--------+--------+--------+--------+--------+-----+--------+

Top non-repeatable levels by time:
     D:4: 1174 daAuts
     D:3: 1134 daAuts
     D:2: 885 daAuts
     D:5: 803 daAuts
     D:1: 784 daAuts
     D:6: 279 daAuts
